AoeStats
← TheQuietRiot

Arena

506911615Analyzed
1v1 RM · 17d ago on Sep 15, 2026· 42m 19s· 2 players
Game mode
Random Map
Map size
Tiny (2 player)
Population
200
Speed
Normal
Resources
Standard
Victory
Conquest
Starting age
Dark Age
Ending age
Imperial Age
RankedLock teamsTeams togetherTeam positionsShared explorationLock speedFull tech treeHidden civsTurbo modeCheats
Victory
Defeat
🇺🇸 Turks · United States
1004
+16
🇬🇧 Britons · United Kingdom
1014
-16
yawolloh
12:23 Feudal Age
16:20 Castle Age
14:41 Double-Bit Axe
15:07 Horse Collar
18:14 Scale Barding Armor
18:20 Forging
18:21 Bloodlines
19:18 Wheelbarrow
21:16 Bloodlines
21:13 Scale Barding Armor
21:18 Forging
22:26 Chain Barding Armor
24:44 Hand Cart
24:18 Town Watch
25:20 Iron Casting
25:21 Bow Saw
26:13 Heavy Plow
26:16 Gold Mining
30:13 Imperial Age
31:22 Gold Shaft Mining
30:37 Stone Mining
32:14 Plate Barding Armor
32:39 Blast Furnace
31:40 Padded Archer Armor
35:36 Leather Archer Armor
35:11 Fletching
36:01 Artillery
37:52 Ring Archer Armor
37:18 Bodkin Arrow
40:28 Bracer
TheQuietRiot
9:21 Feudal Age
9:07 Loom
9:50 Double-Bit Axe
16:04 Castle Age
14:33 Horse Collar
16:25 Fletching
17:15 Bodkin Arrow
18:26 Bow Saw
17:41 Crossbowman
20:33 Wheelbarrow
23:12 Pikeman
27:13 Ballistics
26:59 Padded Archer Armor
27:10 Forging
27:49 Elite Skirmisher
28:32 Squires
29:38 Leather Archer Armor
30:53 Heavy Plow
30:52 Gold Mining
30:53 Stone Mining
32:01 Hand Cart
33:12 Iron Casting
32:31 Gambesons
35:57 Imperial Age
34:07 Scale Mail Armor
33:31 Man-at-Arms
34:28 Arson
36:30 Yeomen
36:55 Gold Shaft Mining
36:40 Town Watch
38:07 Chemistry
38:35 Elite Longbowman
39:00 Halberdier
Connection lost

Rejoining the realm…

Still unreachable

The connection could not be restored.

Session expired

The server has moved on; the page needs a fresh start.